 Dungeon Crawl Stone Soup version 0.24.0-1-gfbc8707 (webtiles) character file.

Game seed: 5009988405095910348, levelgen mode: deterministic

71 Stompalot the Skirmisher (level 4, 0/41 HPs)
             Began as a Minotaur Berserker on Nov 4, 2019.
             Was a Believer of Trog.
             Slain by a gnoll
             ... wielding a +1 spear of flaming
              (7 damage)
             ... on level 3 of the Dungeon.
             The game lasted 00:14:31 (2045 turns).

Stompalot the Skirmisher (Minotaur Berserker)       Turns: 2045, Time: 00:14:31

Health: 0/41       AC:  6    Str: 22    XL:     4   Next: 5%
Magic:  3/3        EV: 11    Int:  4    God:    Trog [**....]
Gold:   68         SH:  0    Dex: 10    Spells: 3/3 levels left

rFire    . . .     SeeInvis .   a - +0 hand axe
rCold    . . .     Gourm    .   (no shield)
rNeg     . . .     Faith    .   n - +0 ring mail
rPois    .         Spirit   .   (helmet restricted)
rElec    .         Reflect  .   (no cloak)
rCorr    .         Harm     .   (no gloves)
MR       .....                  m - +0 pair of boots
Stlth    ..........             (no amulet)
HPRegen  0.13/turn              (no ring)
MPRegen  0.08/turn              (no ring)

@: berserk cooldown, slowed, very slow
A: retaliatory headbutt, horns 2
a: Berserk, Trog's Hand, Renounce Religion


You were on level 3 of the Dungeon.
You worshipped Trog.
Trog was pleased with you.
You were near starving.

You visited 1 branch of the dungeon, and saw 3 of its levels.

You collected 68 gold pieces.

Inventory:

Hand Weapons
 a - a +0 hand axe (weapon)
 i - a +0 hunting sling
 j - a +0 hand axe
Missiles
 g - 115 stones (quivered)
 l - 22 arrows
Armour
 m - a +0 pair of boots (worn)
 n - a +0 ring mail (worn)
Jewellery
 k - a +4 ring of evasion {unknown}
 o - a cursed amulet of inaccuracy {unknown}
Scrolls
 b - a scroll of enchant weapon
 e - a scroll of remove curse {unknown}
 f - 4 scrolls of fear {unknown}
 h - 2 scrolls of teleportation {unknown}
Potions
 p - a potion of ambrosia {unknown}
 q - a potion of heal wounds {unknown}
Comestibles
 c - 2 rations
 r - 3 chunks of flesh


   Skills:
 * Level 4.8 Fighting
 * Level 4.8 Axes
 + Level 2.5 Armour
 + Level 2.5 Dodging


You had 3 spell levels left.
You didn't know any spells.
Your spell library was empty.

Dungeon Overview and Level Annotations

Branches:
Dungeon (3/15)

Altars:


Innate Abilities, Weirdness & Mutations

You reflexively headbutt those who attack you in melee.
You have a pair of horns on your head.


Message History

The gnoll hits you from afar with a +1 spear of flaming!
The gnoll burns you. The gnoll hits you but does no damage.
The gnoll hits you from afar with a +1 spear of flaming.
The gnoll burns you. The gnoll closely misses you. The gnoll barely misses you.
Things that are here:
a +0 flail; a gnoll corpse You hit the gnoll but do no damage.
Your headbutt misses the gnoll. You completely miss the gnoll.
The gnoll hits you with a +0 spear.
The gnoll hits you but does no damage. x2
The gnoll hits you with a +1 spear of flaming.
* * * LOW HITPOINT WARNING * * *
The gnoll burns you.
* * * LOW HITPOINT WARNING * * *
As you read the scroll labeled LOL BE JIURIKI, it crumbles to dust.
It is a scroll of identify.
b - a scroll of enchant weapon The gnoll hits you but does no damage.
The gnoll hits you with a +1 spear of flaming!
You die...

#################
................#
###.##.#.......#
####.##.#(......##
#.......#..((....#
#g##.####........#
#.# #.....g..#
...............g@(#
.....#.....######.#
#..#. .....# #...#
#..#. .....# #.#.##
.. #. ..>..# #....#
. #. ...........#.#
. #. #####.####.#.#
#.#.# #.#.#


You could see 2 gnolls.

Vanquished Creatures
  An adder (D:2)
  A gnoll (D:3)
  2 worms
  A dart slug (D:3)
  A leopard gecko (D:2)
  A ball python (D:1)
  2 giant cockroaches (D:1)
  11 goblins
  4 hobgoblins
  A quokka (D:2)
  4 bats
  2 frilled lizards (D:1)
  4 kobolds
  8 rats
43 creatures vanquished.

Notes
Turn   | Place    | Note
-------+----------+-------------------------------------------
     0 | D:1      | Stompalot the Minotaur Berserker began the quest for the
                  | Orb.
     0 | D:1      | Reached XP level 1. HP: 19/19 MP: 0/0
   241 | D:1      | Reached XP level 2. HP: 20/27 MP: 1/1
   985 | D:2      | Reached ** piety under Trog
   985 | D:2      | Reached XP level 3. HP: 14/34 MP: 2/2
  2037 | D:3      | Reached XP level 4. HP: 41/41 MP: 3/3
  2045 | D:3      | Slain by a gnoll

Levels and vault maps discovered:
D:1:      mainiacjoe_arrival_reflecting_pool, layout_loops_ring
D:2:      layout_loops_corners
D:3:      layout_loops_cross, first_ration, minmay_stone_trees_small,
          grunt_decor_cap

Skill      XL: |  1  2 |
---------------+-------+-----
Axes           | 4 |  4.8
Fighting       | 4 |  4.8
Armour         | |  2.5
Dodging        | |  2.5

Action                   |  1- 3 |  4- 6 || total
-------------------------+-------+-------++-------
Melee: Hand axe          |    78 |     1 ||    79
       Headbutt          |    15 |       ||    15
 Fire: Hunting sling     |     4 |       ||     4
Throw: Stone             |    10 |       ||    10
Invok: Berserk           |     1 |       ||     1
  Use: Scroll            |       |     1 ||     1
  Eat: Chunk             |     3 |       ||     3
Armor: Animal skin       |     5 |       ||     5
       Ring mail         |     2 |     3 ||     5
Dodge: Dodged            |    52 |     2 ||    54
